 Dungeon Crawl Stone Soup version 0.18.1-48-g4cf74bf (webtiles) character file.

172 sdOOK the Skirmisher (level 5, -1/48 HPs)
             Began as a Hill Orc Abyssal Knight on Aug 26, 2016.
             Was a Priest of Lugonu.
             Slain by Inkary's ghost (14 damage)
             ... on level 4 of the Dungeon.
             The game lasted 00:19:14 (3260 turns).

sdOOK the Skirmisher (Hill Orc Abyssal Knight)      Turns: 3260, Time: 00:19:16

Health: -1/48      AC: 11    Str: 16    XL:     5   Next: 53%
Magic:  7/7        EV: 16    Int: 12    God:    Lugonu [***...]
Gold:   200        SH:  0    Dex: 15    Spells: 0 memorised, 4 levels left

rFire  . . .     SeeInvis .     l - +1 mace (protect)
rCold  . . .     Gourm    .     m - +0 ring mail
rNeg   . . .     Faith    .     (no shield)
rPois  .         Spirit   .     (no helmet)
rElec  .         Dismiss  .     n - +0 cloak
rCorr  .         Reflect  .     (no gloves)
SustAt +         Harm     .     (no boots)
MR     .....                    (no amulet)
Stlth  ++........               (no ring)
                                j - ring of sustain attributes

@: agile, not resistant to hostile enchantments, unstealthy
A: no striking features
a: Depart the Abyss, Bend Space, Banish, Renounce Religion


You were on level 4 of the Dungeon.
You worshipped Lugonu.
Lugonu was most pleased with you.
You were not hungry.

You visited 1 branch of the dungeon, and saw 4 of its levels.
You visited the Abyss 1 time.

You collected 200 gold pieces.

Inventory:

Hand Weapons
 a - a +2 falchion
 h - a +0 dagger of venom
 l - a +1 mace of protection (weapon)
Armour
 b - a +0 leather armour
 e - a +0 chain mail
 m - a +0 ring mail (worn)
 n - a +0 cloak (worn)
Jewellery
 j - a ring of sustain attributes (left hand)
Scrolls
 f - a scroll of recharging
Potions
 d - a potion of degeneration
 i - a potion of cancellation
Comestibles
 c - a bread ration
 g - 4 meat rations
 k - 3 fruits


   Skills:
 + Level 5.1 Fighting
 + Level 3.3 Long Blades
 + Level 0.9 Maces & Flails
 + Level 3.2 Armour
 + Level 1.7 Dodging
 + Level 0.1 Stealth
 + Level 2.7 Invocations


You had 4 spell levels left.
You didn't know any spells.

Dungeon Overview and Level Annotations

Branches:
Dungeon (4/15)
 Temple: D:4-7

Altars:
Ashenzari
Trog

Annotations:
D:4 Inkary's ghost, amateur HOGl


Message History

Inkary's ghost whispers, "Soon you will have time, lots of time..."
You closely miss the orc.
The orc is heavily wounded.
The orc misses you.
You closely miss the orc.
The orc is heavily wounded.
The orc hits you but does no damage.
You hit the orc.
The orc is almost dead.
The orc hits you but does no damage. x2
You closely miss the orc.
The orc is almost dead.
The orc hits you but does no damage.
You sock the orc!
You kill the orc!
Lugonu accepts your kill. Inkary's ghost hits you.
* * * LOW HITPOINT WARNING * * *
You are electrocuted!
You die...

#...... ..!....# #
#...... .
##.#........
..#.....#. #.$
......... #.W#.
#...).### ....
#.......#### ...
#.....#wW@.#
#.##...o.####..#
#..W...#.....#...#
##....w...........#
#......(........#..<
#...<.[.........
###.
#...............
#...............
#...........)...


You could see a worm and Inkary's ghost.

Vanquished Creatures
  An orc wizard (D:3)
  Jessica (D:2)
  2 adders
  2 oozes
  3 dart slugs
  A giant gecko (D:1)
  5 orcs
  6 bats
  4 giant cockroaches
  10 goblins
  8 hobgoblins
  4 jackals (D:2)
  2 quokkas
  A ball python (D:3)
  4 giant newts
  13 kobolds
  11 rats
78 creatures vanquished.

Vanquished Creatures (others)
  An orc (D:3)
1 creature vanquished.

Grand Total: 79 creatures vanquished

Notes
Turn   | Place    | Note
--------------------------------------------------------------
     0 | Abyss:1  | sdOOK the Hill Orc Abyssal Knight began the quest for the Orb.
     0 | Abyss:1  | Reached XP level 1. HP: 19/19 MP: 2/2
    20 | Abyss:1  | Found a corrupted altar of Lugonu.
   148 | D:1      | Escaped the Abyss
   588 | D:1      | Reached skill level 4 in Fighting
   588 | D:1      | Reached XP level 2. HP: 23/27 MP: 3/3
   652 | D:1      | Reached * piety under Lugonu
   774 | D:1      | Reached XP level 3. HP: 27/34 MP: 4/4
  1390 | D:2      | Reached ** piety under Lugonu
  1423 | D:2      | Reached skill level 5 in Fighting
  1423 | D:2      | Reached skill level 1 in Dodging
  1423 | D:2      | Reached XP level 4. HP: 31/42 MP: 5/5
  1825 | D:2      | Noticed Jessica
  1832 | D:2      | Killed Jessica
  2552 | D:3      | Reached XP level 5. HP: 43/48 MP: 6/6
  2651 | D:3      | Reached *** piety under Lugonu
  2711 | D:3      | Found a bloodstained altar of Trog.
  2711 | D:3      | Found a shattered altar of Ashenzari.
  3241 | D:4      | Noticed Inkary's ghost (amateur HOGl)
  3260 | D:4      | Slain by Inkary's ghost

Skill      XL: |  1  2  3  4 |
---------------+-------------+-----
Fighting       | 4 5 |  5.1
Dodging        | 1 |  1.7
Long Blades    | 3 |  3.3
Armour         | 3 |  3.2
Maces & Flails | |  0.9
Stealth        | |  0.1
Invocations    | |  2.7

Action                   |  1- 3 |  4- 6 || total
-------------------------+-------+-------++-------
Melee: Falchion          |   134 |    42 ||   176
       Mace              |       |    76 ||    76
Invok: Depart the Abyss  |     1 |       ||     1
       Bend Space        |       |     1 ||     1
       Banish            |       |     1 ||     1
  Use: Scroll            |     7 |     4 ||    11
       Potion            |       |     3 ||     3
  Eat: Chunk             |     2 |     3 ||     5
       Bread ration      |       |     1 ||     1
Armor: Chain mail        |   105 |    42 ||   147
       Ring mail         |       |    57 ||    57
Dodge: Dodged            |    54 |    91 ||   145
